AoeStats
← Jiro

Fortress

509363867Analyzed
4v4 RM · 5d ago on Sep 26, 2026· 53m 53s· 8 players
Game mode
Random Map
Map size
Huge
Population
200
Speed
Normal
Resources
Standard
Victory
Conquest
Starting age
Dark Age
Ending age
Imperial Age
RankedLock teamsTeams togetherTeam positionsShared explorationLock speedFull tech treeHidden civsTurbo modeCheats
Victory
Defeat
🇨🇿 Goths · Czechia
807
+18
🇩🇪 Turks · Germany
793
+18
🇹🇷 Britons · Türkiye
790
+18
🇺🇸 Muisca · United States
781
+19
🇷🇺 Khmer · Russia
882
-44
🇵🇱 Teutons · Poland
873
-20
🇦🇷 Aztecs · Argentina
803
-17
🇨🇳 Persians · China
798
-16
Hamurabi1
0:45 Loom
9:01 Feudal Age
10:05 Horse Collar
16:04 Castle Age
14:23 Double-Bit Axe
14:34 Gold Mining
15:41 Stone Mining
16:07 Padded Archer Armor
16:01 Fletching
20:24 Fortified Wall
26:41 Imperial Age
24:42 Bow Saw
24:57 Heavy Plow
26:14 Gold Shaft Mining
26:19 Wheelbarrow
25:30 Town Watch
26:47 Leather Archer Armor
28:23 Ring Archer Armor
29:21 Bodkin Arrow
31:15 Two-Man Saw
31:01 Hand Cart
33:28 Capped Ram
35:56 Town Patrol
36:01 Bracer
37:32 Hoardings
37:19 Conscription
38:12 Artillery
38:42 Masonry
38:52 Ballistics
38:14 Treadmill Crane
39:51 Sappers
42:27 Scale Barding Armor
42:22 Scale Mail Armor
42:52 Sipahi
41:55 Elite Janissary
43:54 Murder Holes
44:32 Architecture
45:10 Bombard Tower
44:36 Arrowslits
44:42 Guard Tower
48:56 Keep
54:21 Forging
54:31 Chain Barding Armor
MoncusJBAJ
7:02 Feudal Age
14:31 Castle Age
16:12 Fletching
16:22 Padded Archer Armor
17:16 Double-Bit Axe
18:58 Bodkin Arrow
21:49 Bow Saw
23:53 Leather Archer Armor
24:05 Ballistics
28:02 Imperial Age
26:27 Murder Holes
28:55 Thumb Ring
28:38 Horse Collar
28:51 Gold Mining
28:42 Elite Guecha Warrior
30:02 Bracer
30:51 Loom
31:41 Wheelbarrow
31:29 Huaracas
31:47 Conscription
35:10 Chemistry
36:33 Two-Man Saw
36:02 Hand Cart
39:22 Siege Engineers
42:24 Masonry
41:54 Treadmill Crane
50:38 Elite Temple Guard
Jiro
0:33 Loom
6:19 Feudal Age
7:08 Double-Bit Axe
7:05 Horse Collar
8:08 Wheelbarrow
7:18 Town Watch
8:04 Town Watch
14:55 Castle Age
13:19 Gold Mining
13:41 Stone Mining
15:59 Bow Saw
16:51 Hand Cart
16:47 Heavy Plow
22:19 Town Patrol
26:57 Town Patrol
30:43 Imperial Age
29:43 Murder Holes
29:58 Fortified Wall
29:30 Treadmill Crane
30:00 Masonry
30:11 Ballistics
30:37 Gold Shaft Mining
30:50 Elite Longbowman
33:31 Hoardings
34:26 Arrowslits
35:41 Chemistry
34:32 Heated Shot
35:13 Architecture
34:22 Cavalier
35:46 Husbandry
37:43 Yeomen
36:54 Sappers
37:25 Warwolf
37:45 Conscription
38:55 Siege Engineers
42:38 Scale Barding Armor
42:43 Forging
43:24 Light Cavalry
44:35 Pikeman
45:15 Squires
48:03 Chain Barding Armor
48:19 Iron Casting
47:44 Scale Mail Armor
48:15 Halberdier
48:42 Arson
51:01 Plate Barding Armor
51:27 Blast Furnace
51:23 Chain Mail Armor
51:31 Spies/Treason
amx™ (SPREAD LOVE)
1:16 Loom
8:00 Feudal Age
14:25 Castle Age
12:38 Horse Collar
12:49 Double-Bit Axe
14:59 Forging
15:07 Anarchy
15:21 Squires
18:41 Pikeman
21:51 Wheelbarrow
22:40 Bow Saw
22:36 Heavy Plow
28:49 Imperial Age
34:25 Chemistry
34:45 Two-Man Saw
35:25 Padded Archer Armor
38:24 Iron Casting
37:14 Elite Huskarl
38:32 Hand Cart
38:11 Gold Mining
38:22 Stone Mining
39:05 Crop Rotation
38:30 Town Watch
40:15 Leather Archer Armor
44:28 Perfusion
44:55 Masonry
47:15 Stone Shaft Mining
47:19 Architecture
46:36 Sappers
47:33 Conscription
50:00 Halberdier
ZigzagSinger667
9:28 Feudal Age
13:11 Horse Collar
15:37 Castle Age
14:21 Wheelbarrow
15:55 Stone Mining
15:58 Gold Mining
16:02 Double-Bit Axe
16:29 Scale Barding Armor
16:25 Scale Mail Armor
22:38 Crossbowman
26:41 Hand Cart
30:30 Imperial Age
30:24 Chain Barding Armor
30:20 Chain Mail Armor
30:35 Heavy Plow
30:59 Elite Teutonic Knight
32:01 Forging
32:27 Plate Barding Armor
31:43 Fletching
31:54 Padded Archer Armor
32:28 Cavalier
33:43 Plate Mail Armor
36:03 Paladin
38:18 Crop Rotation
38:04 Bow Saw
38:34 Stone Shaft Mining
44:30 Man-at-Arms
45:55 Pikeman
46:06 Elite Skirmisher
shprot
9:06 Feudal Age
12:11 Castle Age
12:04 Loom
16:50 Double-Bit Axe
16:48 Horse Collar
17:00 Stone Mining
17:00 Gold Mining
17:47 Pikeman
21:14 Elite Skirmisher
22:21 Fletching
22:17 Elite Skirmisher
25:20 Padded Archer Armor
27:12 Wheelbarrow
27:30 Heavy Plow
27:47 Leather Archer Armor
30:31 Hand Cart
30:05 Town Watch
33:02 Husbandry
Patoassasin
7:10 Feudal Age
11:28 Castle Age
10:30 Double-Bit Axe
10:35 Horse Collar
13:16 Bow Saw
13:45 Fletching
21:47 Forging
25:59 Iron Casting
28:12 Wheelbarrow
29:31 Hand Cart
32:18 Imperial Age
29:53 Scale Mail Armor
30:01 Gold Mining
30:02 Stone Mining
33:46 Garland Wars
33:47 Conscription
34:10 Chain Mail Armor
33:36 Elite Jaguar Warrior
35:24 Blast Furnace
无名之辈2
0:41 Loom
Connection lost

Rejoining the realm…

Still unreachable

The connection could not be restored.

Session expired

The server has moved on; the page needs a fresh start.